 Dungeon Crawl Stone Soup version 0.31-a0-234-gad7ace16ef (webtiles) character file.

Game seed: 15627114625683162200

1499 qw the Skirmisher (level 8, -3/70 HPs)
             Began as a Minotaur Hexslinger on July 9, 2023.
             Succumbed to a killer bee's poison
             ... on level 6 of the Dungeon.
             The game lasted 00:01:57 (4492 turns).

qw the Skirmisher (Minotaur Hexslinger)             Turns: 4492, Time: 00:01:58

Health: -3/70      AC: 13    Str: 13    XL:     8   Next: 52%
Magic:  8/8        EV: 12    Int: 10    God:
Gold:   263        SH:  0    Dex: 15    Spells: 8/9 levels left

rFire   . . .        m - +0 shortbow
rCold   . . .        (shield currently unavailable)
rNeg    + . .        f - +0 ring mail
rPois   .            (helmet restricted)
rElec   +            n - +0 cloak
rCorr   .            c - +2 pair of gloves
SInv    .            (no boots)
Will    +....        b - amulet of regeneration
Stlth   +            i - +4 ring of protection
HPRegen 1.11/turn    g - ring of Temptation {rElec rN+ Will+ Slay+2}
MPRegen 0.11/turn

%: no passive effects
@: lethally poisoned (-3 -> -19)
A: horns 2, retaliatory headbutt, claws 1, electricity resistance
a: no special abilities


You were on level 6 of the Dungeon.
You visited 1 branch of the dungeon, and saw 6 of its levels.
You also visited: Sewer.

You collected 263 gold pieces.


Innate Abilities, Weirdness & Mutations

You have a pair of horns on your head.
You reflexively headbutt those who attack you in melee.
You have sharp fingernails.
You are resistant to electric shocks. (rElec)


   Skills:
 - Level 6.1 Fighting
 + Level 9.4 Ranged Weapons
 - Level 2.2 Armour
 - Level 4.3 Dodging
 - Level 1.0 Spellcasting
 - Level 2.0 Hexes


You had 8 spell levels left.
You knew the following spells:

 Your Spells              Type           Power      Damage    Failure   Level
a - Slow                  Hex            16%        N/A       32%         1

Your spell library contained the following spells:

 Spells                   Type           Power      Damage    Failure   Level
 Inner Flame              Hex/Fire       2%         N/A       82%         3
 Portal Projectile        Hex/Tloc       4%         N/A       82%         3
 Cause Fear               Hex            2%         N/A       97%         4

Inventory:

Hand Weapons
 m - a +0 shortbow (weapon)
Armour
 c - a +2 pair of gloves (worn)
 f - a +0 ring mail (worn)
 n - a +0 cloak (worn)
Jewellery
 b - an amulet of regeneration (around neck)
 g - the ring of Temptation (right hand) {rElec rN+ Will+ Slay+2}
   (You found it on level 3 of the Dungeon)

   [ring of positive energy]

   Slay:      It affects your accuracy & damage with ranged weapons and melee
   (+2).
   rElec:     It insulates you from electricity.
   rN:        It protects you from negative energy.
   Will:      It increases your willpower.
 i - a +4 ring of protection (left hand)
Scrolls
 d - 2 scrolls of identify
 j - a scroll of immolation {unknown}
 o - a scroll of blinking {unknown}
Potions
 a - a potion of enlightenment
 e - 4 potions of mutation
 h - 6 potions of curing
 k - a potion of cancellation
 p - a potion of resistance

Dungeon Overview and Level Annotations

Branches:
Dungeon (6/15)              Sewer (visited)
 Temple: D:4-7

Altars:
Makhleb

Shops:
D:3 *


Message History

You are more poisoned.
The killer bee poisons you!
Your Fighting skill increases to level 6!
You shoot an arrow. The arrow hits the hound!
The hound is severely wounded.
You feel very sick.
The killer bee stings you but does no damage. x2
The killer bee misses you. You furiously retaliate!
You headbutt the killer bee. The hound bites you but does no damage.
The killer bee closely misses you. You furiously retaliate!
You headbutt the killer bee! The killer bee stings you.
You are more poisoned.
The killer bee poisons you! The killer bee barely misses you.
The hound closely misses you. You furiously retaliate!
You headbutt the hound!
You kill the hound!
The killer bee stings you.
The killer bee stings you but does no damage.
The killer bee stings you.
You are lethally poisoned!
The killer bee poisons you!
You shoot an arrow. The arrow misses the killer bee.
You feel extremely sick. The killer bee closely misses you.
You furiously retaliate!
You headbutt the killer bee! The killer bee closely misses you.
The killer bee stings you but does no damage.
The killer bee misses you. x2; The killer bee closely misses you.
You shoot an arrow. The arrow hits the killer bee!
You kill the killer bee!
You feel extremely sick.
The killer bee stings you but does no damage. x3
The killer bee closely misses you.
You shoot an arrow. The arrow hits the killer bee.
You kill the killer bee!
You feel very sick. The killer bee stings you.
You are more poisoned.
The killer bee poisons you!
The killer bee stings you but does no damage.
You shoot an arrow. The arrow hits the killer bee.
The killer bee is lightly wounded.
You die...

... #...... .. #......
.. #########...... .
............... #y
####.......... #y###
##.........
#y..#####..........
##y...#...........
#@......#.........
........................
############.#...#######
#.###..## #..###..##
##.......# #########


You could see a killer bee.

Vanquished Creatures
  A troll (D:6)
  2 ice beasts (D:5)
  A centaur (D:6)
  A phantom (D:5)
  A scorpion (D:4)
  5 killer bees (D:6)
  A jelly (D:6)
  A hound (D:6)
  3 orc priests (D:5)
  4 iguanas
  Ijyb (D:5)
  3 sleepcaps
  An orc wizard (D:5)
  4 gnolls
  10 adders
  2 river rats (Sewer)
  A shadow imp (D:6)
  An ufetubus (D:6)
  2 worms
  2 dart slugs (D:3)
  18 orcs
  9 endoplasms
  4 giant cockroaches
  4 goblins
  6 hobgoblins
  6 jackals
  8 kobolds
  A quokka (D:4)
  9 ball pythons
  6 bats
  7 frilled lizards
  16 rats
141 creatures vanquished.

Notes
Turn   | Place    | Note
-------+----------+-------------------------------------------
     0 | D:1      | qw the Minotaur Hexslinger began the quest for the Orb.
     0 | D:1      | Reached XP level 1. HP: 16/16 MP: 1/1
     0 | D:1      | 0 ||| qw: Version: 0.3-a-51-g015441d
     0 | D:1      | 0 ||| qw: Game counter: 4355
     0 | D:1      | 0 ||| qw: Melee chars always use a shield: true
     0 | D:1      | 0 ||| qw: God list: Okawaru
     0 | D:1      | 0 ||| qw: Allow faded altars: false
     0 | D:1      | 0 ||| qw: Do Orc after clearing Dungeon:15 true
     0 | D:1      | 0 ||| qw: Do second Lair branch before Depths: true
     0 | D:1      | 0 ||| qw: Lair rune preference: random
     0 | D:1      | 0 ||| qw: Goals: Normal
     0 | D:1      | 0 ||| PLANNING D:1-11
   318 | D:1      | Reached skill level 3 in Ranged Weapons
   318 | D:1      | Reached XP level 2. HP: 23/23 MP: 2/2
   854 | D:1      | 854 ||| UPGRADING to +0 ring mail.
   864 | D:1      | 864 ||| DROPPING +0 robe.
   865 | D:1      | 865 ||| UPGRADING to +4 ring of protection.
   866 | D:1      | 866 ||| READING 2 scrolls labelled RIONEI HO PUOPP.
   867 | D:1      | 867 ||| READING scroll labelled OXZAETH ZUUKU.
   868 | D:1      | 868 ||| DRINKING 3 bubbling white potions.
   868 | D:1      | Gained mutation: You have sharp fingernails. [potion of
                  | mutation]
   868 | D:1      | Gained mutation: You are resistant to electric shocks.
                  | (rElec) [potion of mutation]
   869 | D:1      | 869 ||| DRINKING 2 metallic red potions.
   870 | D:1      | 870 ||| DROPPING scroll of amnesia.
   871 | D:1      | 871 ||| DROPPING scroll of poison.
   940 | D:2      | Reached XP level 3. HP: 27/29 MP: 3/3
   947 | D:2      | Reached skill level 4 in Ranged Weapons
  1141 | D:2      | Reached skill level 1 in Armour
  1182 | D:2      | Found a burning altar of Makhleb.
  1297 | D:2      | Reached XP level 4. HP: 36/36 MP: 4/4
  1482 | D:2      | 1482 ||| UPGRADING to amulet of regeneration.
  1487 | D:2      | 1487 ||| READING scroll labelled QOCVISTR WIDDIL.
  1488 | D:2      | 1488 ||| READING scroll labelled KIPEMN BAIHE.
  1489 | D:2      | 1489 ||| READING scroll labelled ESAJYH HARHEM.
  1611 | D:3      | Reached skill level 5 in Ranged Weapons
  1750 | D:3      | HP: 8/37 [frozen (4)]
  1754 | D:3      | HP: 3/37 [frozen (1)]
  1756 | D:3      | Reached XP level 5. HP: 5/44 MP: 5/5
  1759 | D:3      | HP: 8/44 [frozen (3)]
  1761 | D:3      | Reached skill level 3 in Fighting
  1798 | D:3      | Identified the ring of Temptation {rElec rN+ Will+ Slay+2}
  1958 | D:3      | Found Cal Qor's Assorted Antiques.
  2365 | D:3      | You fall into a shaft and drop 1 floor!
  2378 | D:4      | 2378 ||| PLANNING SEWER
  2583 | D:4      | HP: 11/45 [poisoned by a scorpion]
  2584 | D:4      | Reached skill level 6 in Ranged Weapons
  2805 | D:4      | Found a glowing drain.
  2806 | D:4      | 2806 ||| UPGRADING to +2 pair of gloves.
  2811 | D:4      | 2811 ||| UPGRADING to ring of Temptation {rElec rN+ Will+
                  | Slay+2}.
  2812 | D:4      | 2812 ||| READING scroll labelled LALUCRIAHI.
  2813 | D:4      | 2813 ||| DRINKING 2 bubbling blue potions.
  2814 | D:4      | 2814 ||| READING 3 scrolls of identify.
  2814 | D:4      | 2814 ||| IDENTIFYING clear potion
  2815 | D:4      | 2815 ||| READING 2 scrolls of identify.
  2815 | D:4      | 2815 ||| IDENTIFYING emerald potion
  2816 | D:4      | 2816 ||| DROPPING potion of magic.
  2825 | Sewer    | Entered a sewer
  2936 | Sewer    | Reached XP level 6. HP: 51/51 MP: 6/6
  3043 | Sewer    | 3043 ||| Stepping ~*~*~tactically~*~*~ (water).
  3075 | Sewer    | 3075 ||| UPGRADING to +0 cloak.
  3080 | Sewer    | 3080 ||| READING scroll labelled ICANUCKUSIE.
  3081 | Sewer    | 3081 ||| DRINKING 2 sedimented white potions.
  3082 | Sewer    | 3082 ||| READING 2 scrolls of identify.
  3082 | Sewer    | 3082 ||| IDENTIFYING pink potion
  3083 | Sewer    | 3083 ||| DROPPING potion of attraction.
  3092 | D:4      | 3092 ||| PLANNING D:1-11
  3452 | D:5      | Entered Level 5 of the Dungeon
  3496 | D:5      | Noticed an ice beast
  3503 | D:5      | Killed an ice beast
  3504 | D:5      | Reached skill level 7 in Ranged Weapons
  3627 | D:5      | Reached XP level 7. HP: 59/59 MP: 7/7
  3710 | D:5      | Reached skill level 8 in Ranged Weapons
  3916 | D:5      | 3916 ||| Stepping ~*~*~tactically~*~*~ (outnumbered).
  4125 | D:5      | Noticed Ijyb
  4128 | D:5      | 4128 ||| DRINKING 6 potions of curing.
  4128 | D:5      | 4128 ||| (to cure confusion)
  4129 | D:5      | 4129 ||| FLEEEEING.
  4130 | D:5      | 4130 ||| FLEEEEING.
  4131 | D:5      | 4131 ||| FLEEEEING.
  4132 | D:5      | 4132 ||| FLEEEEING.
  4146 | D:5      | Killed Ijyb
  4179 | D:5      | 4179 ||| DROPPING +2 pair of gloves.
  4180 | D:5      | 4180 ||| DRINKING 2 fuming cyan potions.
  4181 | D:5      | 4181 ||| READING 2 scrolls of identify.
  4181 | D:5      | 4181 ||| IDENTIFYING fizzy yellow potion
  4182 | D:5      | 4182 ||| DROPPING potion of degeneration.
  4297 | D:6      | Reached skill level 9 in Ranged Weapons
  4297 | D:6      | Reached XP level 8. HP: 45/68 MP: 8/8
  4328 | D:6      | 4328 ||| SWAPPING to +0 shortbow.
  4329 | D:6      | 4329 ||| DROPPING +1 sling of draining.
  4390 | D:6      | Noticed a troll
  4402 | D:6      | HP: 17/68 [troll (13)]
  4403 | D:6      | 4403 ||| DRINKING potion of heal wounds.
  4404 | D:6      | Killed a troll
  4480 | D:6      | 4480 ||| Stepping ~*~*~tactically~*~*~ (outnumbered).
  4488 | D:6      | Reached skill level 6 in Fighting
  4489 | D:6      | HP: 15/70 [poisoned by a killer bee]
  4491 | D:6      | HP: 5/70 [poisoned by a killer bee]
  4491 | D:6      | HP: 2/70 [killer bee (3)]
  4492 | D:6      | Succumbed to a killer bee's poison

Levels and vault maps discovered:
D:1:      lemuel_arrival_tunnels, layout_basic, chequers_serial_rivers_large_a,
          minmay_unequal
D:2:      layout_loops_ring, basic_altar
D:3:      layout_basic, serial_shops, shop_statue, grunt_ministairs_15,
          minmay_circle_x
D:4:      layout_loops_ring, portal_sewer_entry_d, st_stairs_13
D:5:      layout_loops_ring, uniq_ijyb
D:6:      layout_rooms, minmay_temple_entry_crystal_x, uniq_crazy_yiuf_cottage

Skill      XL: |  1  2  3  4  5  6  7  8 |
---------------+-------------------------+-----
Ranged Weapons | 3 4 5 6 7 9 |  9.4
Fighting       | 2 3 4 5 6 |  6.1
Armour         | 1 2 |  2.2
Dodging        | 4 |  4.3
Spellcasting   | |  1.0
Hexes          | |  2.0

Action                     |  1- 3 |  4- 6 |  7- 9 || total
---------------------------+-------+-------+-------++-------
   Fire: Sling             |    95 |   251 |   111 ||   457
         Shortbow          |       |       |    30 ||    30
    Use: Scroll            |     2 |     8 |     1 ||    11
         Potion            |     2 |     2 |     3 ||     7
 Armour: Ring mail         |    12 |    66 |    57 ||   135
  Dodge: Dodged            |    30 |    82 |    84 ||   196

Table legend:
 A = Non-vault XP
 B = Vault XP
 C = Vault XP percentage of total XP
 D = Non-vault monster count
 E = Vault monster count
 F = Vault count percentage of total count
                 A         B        C        D         E       F
            +---------+---------+-------+---------+---------+-------
      Total |    1978 |     164 |   7.7 |      99 |      42 |  29.8
            +---------+---------+-------+---------+---------+-------
        D:1 |      22 |       4 |  15.4 |      12 |       2 |  14.3
        D:2 |     104 |       0 |   0.0 |      25 |       0 |   0.0
        D:3 |      75 |      33 |  30.6 |      19 |      14 |  42.4
        D:4 |     127 |      28 |  18.1 |       6 |       2 |  25.0
        D:5 |     717 |      36 |   4.8 |      22 |       1 |   4.3
        D:6 |     933 |       0 |   0.0 |      15 |       0 |   0.0
      Sewer |       0 |      63 | 100.0 |       0 |      23 | 100.0
            +---------+---------+-------+---------+---------+-------
